 Dungeon Crawl Stone Soup version 0.21-a0-369-g397cdb2 (webtiles) character file.

65 Klosterheim the Poker (level 4, -1/37 HPs)
             Began as a Merfolk Monk on Oct 15, 2017.
             Was a Believer of Okawaru.
             Slain by a jelly (3 damage)
             ... on level 3 of the Dungeon.
             The game lasted 00:02:50 (2128 turns).

Klosterheim the Poker (Merfolk Monk)                Turns: 2128, Time: 00:02:51

Health: -1/37      AC:  0    Str: 12    XL:     4   Next: 14%
Magic:  4/4        EV:  6    Int:  9    God:    Okawaru [**....]
Gold:   82         SH:  0    Dex: 16    Spells: 3/3 levels left

rFire    . . .     SeeInvis .   a - +0 spear
rCold    . . .     Gourm    .   (no shield)
rNeg     . . .     Faith    .   j - +0 chain mail
rPois    .         Spirit   .   (no helmet)
rElec    .         Reflect  .   (no cloak)
rCorr    .         Harm     .   (no gloves)
MR       .....                  (no boots)
Stlth    ..........             (no amulet)
HPRegen  0.12/turn              (no ring)
MPRegen  0.09/turn              (no ring)

@: corroded
A: change form in water, swift swim, stealthy swim
a: Heroism, Renounce Religion


You were on level 3 of the Dungeon.
You worshipped Okawaru.
Okawaru was pleased with you.
You were not hungry.

You visited 1 branch of the dungeon, and saw 3 of its levels.

You collected 82 gold pieces.

Inventory:

Hand Weapons
 a - a +0 spear (weapon)
Armour
 j - a +0 chain mail (worn)
Jewellery
 n - a cursed ring of stealth {unknown}
Scrolls
 b - 2 scrolls of remove curse {unknown}
 k - a scroll of immolation {unknown}
 m - a scroll of enchant armour {unknown}
 q - a scroll of enchant weapon {unknown}
 r - a scroll of recharging {unknown}
Potions
 d - 2 potions of heal wounds {unknown}
 e - a potion of might {unknown}
 f - a potion of haste {unknown}
 h - 2 potions of mutation {unknown}
 l - a potion of lignification {unknown}
 o - 2 potions of ambrosia {unknown}
 s - a potion of curing {unknown}
Comestibles
 c - a bread ration
 g - a royal jelly
 i - 2 meat rations
 p - 4 chunks of flesh


   Skills:
 + Level 4.1 Fighting
 * Level 6.3 Polearms
 - Level 4.0 Dodging
 - Level 2.1 Stealth


You had 3 spell levels left.
You didn't know any spells.

Dungeon Overview and Level Annotations

Branches:
Dungeon (3/15)

Altars:
Kikubaaqudgha
Okawaru


Message History

You are too injured to fight recklessly!
You are too injured to fight recklessly!
You are too injured to fight recklessly!
You are too injured to fight recklessly!
You are too injured to fight recklessly!
You are too injured to fight recklessly!
You are too injured to fight recklessly!
You are too injured to fight recklessly!
You hit the jelly but do no damage.
Your hands burn!
* * * LOW HITPOINT WARNING * * *
The jelly is moderately wounded.
The jelly barely misses you.
You hit the jelly but do no damage.
Your hands burn!
* * * LOW HITPOINT WARNING * * *
The jelly is moderately wounded.
You hit the jelly but do no damage.
Your hands burn!
* * * LOW HITPOINT WARNING * * *
The jelly is moderately wounded.
The jelly hits you.
You die...

#.###.## #.#.#.##.#
###.#...####..)..)...###.....##.#
...........+.........+.......##.#
####....####.........###.....##.#
#.#..## ....... #....###.#
#.#...## ..... #.#.## #.#
#......# ... #.#.####.# ###...##
#J# #........# ##.## #@#
###.###### #.# #####.## #.#
####.## #......###### #.# #.....#
#.##...##...###.# #.##..#
#.#.....#.......#
#.##..###.##...##...#####
#.##...............##
#.###.###.###..##### #.# #.# #.#
#..#


You could see a jelly.

Vanquished Creatures
  2 adders (D:2)
  3 dart slugs
  2 leopard geckos (D:3)
  7 bats
  5 giant cockroaches
  2 hobgoblins (D:2)
  2 jackals (D:1)
  A ball python (D:2)
  4 frilled lizards
  4 goblins
  7 kobolds
  2 rats
41 creatures vanquished.

Notes
Turn   | Place    | Note
-------+----------+-------------------------------------------
     0 | D:1      | Klosterheim the Merfolk Monk began the quest for the Orb.
     0 | D:1      | Reached XP level 1. HP: 18/18 MP: 1/1
   105 | D:1      | Reached XP level 2. HP: 24/24 MP: 2/2
   189 | D:1      | Reached skill level 5 in Polearms
   922 | D:1      | Reached XP level 3. HP: 27/30 MP: 3/3
  1167 | D:2      | Found an iron altar of Okawaru.
  1212 | D:2      | Became a worshipper of Warmaster Okawaru
  1212 | D:2      | Reached * piety under Okawaru
  1212 | D:2      | Reached ** piety under Okawaru
  1336 | D:2      | Found an ancient bone altar of Kikubaaqudgha.
  1398 | D:2      | Reached skill level 6 in Polearms
  1901 | D:3      | Reached XP level 4. HP: 33/37 MP: 4/4
  2128 | D:3      | HP: 1/37 [acid (1)]
  2128 | D:3      | Slain by a jelly

Vault maps used:
D:1:      minmay_arrival_checkered_box, st_stairs_9, minmay_crystal_water
D:2:      kiku_gazebo_pond_becter, okawaru_gym_becter
D:3:      kennysheep_generic_room_13, uniq_natasha, uniq_jessica, uniq_terence

Skill      XL: |  1  2  3 |
---------------+----------+-----
Polearms       | 5 6 |  6.3
Fighting       | 4 |  4.1
Dodging        | |  4.0
Stealth        | |  2.1

Action                   |  1- 3 |  4- 6 || total
-------------------------+-------+-------++-------
Melee: Spear             |    95 |    31 ||   126
 Stab: Sleeping          |     3 |       ||     3
  Eat: Chunk             |     3 |     1 ||     4
Armor: Chain mail        |    23 |    12 ||    35
       Robe              |     2 |       ||     2
Dodge: Dodged            |    20 |     3 ||    23

Table legend:
 A = Spawn XP
 B = Non-spawn XP
 C = Spawn XP percentage of total XP
 D = Spawn monster count
 E = Non-spawn monster count
 F = Spawn count percentage of total count
 G = Total turns spent on level
                    A         B        C        D         E        F      G
               +---------+---------+-------+---------+---------+-------+---------
         Total |       0 |      94 |   0.0 |       0 |      41 |   0.0 |  2128
               +---------+---------+-------+---------+---------+-------+---------
           D:1 |       0 |      34 |   0.0 |       0 |      20 |   0.0 |   985
           D:2 |       0 |      42 |   0.0 |       0 |      13 |   0.0 |   823
           D:3 |       0 |      18 |   0.0 |       0 |       8 |   0.0 |   320
               +---------+---------+-------+---------+---------+-------+---------
